 Dungeon Crawl Stone Soup version 0.30-a0-879-ga8ba668304 (webtiles) character file.

Game seed: 18335128857266002251

936 dolemite99 the Basher (level 8, -1/46 HPs)
             Began as a Gargoyle Fighter on Mar 12, 2023.
             Shot with an arrow by a centaur (9 damage)
             ... on level 5 of the Dungeon.
             The game lasted 00:05:05 (3680 turns).

dolemite99 the Basher (Gargoyle Fighter)            Turns: 3680, Time: 00:05:06

Health: -1/46      AC: 14    Str: 21    XL:     8   Next: 12%
Magic:  8/8        EV:  7    Int: 10    God:
Gold:   193        SH:  4    Dex:  9    Spells: 7/7 levels left

rFire   . . .      SeeInvis .    s - +2 whip (drain)
rCold   . . .      Faith    .    c - +0 buckler
rNeg    + . .      Spirit   .    A - +0 chain mail
rPois   ∞          Reflect  .    (no helmet)
rElec   +          Rampage  .    (no cloak)
rCorr   .                        (no gloves)
Will    .....                    (no boots) Stlth
                                 (no amulet)
HPRegen 0.27/turn                (no ring)
MPRegen 0.11/turn                (no ring)

@: no status effects
A: sickness immunity, AC +5, negative energy resistance 1, electricity
resistance, torment resistance 1, petrification resistance
a: no special abilities


You were on level 5 of the Dungeon.
You visited 1 branch of the dungeon, and saw 5 of its levels.

You collected 193 gold pieces.

Inventory:

Hand Weapons
 a - a +0 flail
 s - a +2 whip of draining (weapon)
Armour
 b - a +0 scale mail
 c - a +0 buckler (worn)
 A - a +0 chain mail (worn)
Jewellery
 q - a +6 ring of intelligence
 u - a ring of protection from fire
Wands
 v - a wand of mindburst (5)
 y - a wand of acid (6)
Scrolls
 e - a scroll of torment {unknown}
 f - 2 scrolls of identify {unknown}
 h - a scroll of amnesia {unknown}
 j - a scroll of summoning {unknown}
 k - a scroll of immolation {unknown}
 n - a scroll of fear {unknown}
 r - 2 scrolls of enchant weapon {unknown}
 t - 2 scrolls of poison {unknown}
 z - a scroll of noise {unknown}
 C - a scroll of enchant armour {unknown}
Potions
 d - 3 potions of might
 g - 2 potions of lignification
 l - a potion of ambrosia {unknown}
 m - a potion of berserk rage {unknown}
 o - 3 potions of brilliance {unknown}
 p - a potion of invisibility {unknown}
 w - a potion of degeneration {unknown}
 x - a potion of haste


   Skills:
 - Level 3.2 Fighting
 + Level 9.3 Maces & Flails
 - Level 3.2 Armour
 - Level 3.2 Shields


You had 7 spell levels left.
You didn't know any spells.
Your spell library was empty.

Dungeon Overview and Level Annotations

Branches:
Dungeon (5/15)
 Temple: D:4-7

Altars:
Hepliaklqana
Ru
Wu Jian
Xom

Shops:
D:4 =

Annotations:
D:3 Grinder


Innate Abilities, Weirdness & Mutations

You are immune to sickness and miasma.
Your stone body is resilient. (AC +5)
You are immune to poison.
You resist negative energy. (rN+)
You are resistant to electric shocks. (rElec)
You are resistant to unholy torment.
You are immune to petrification.


Message History

No target in view!
No target in view!
No target in view!
No target in view!
You see here a stone.
o - 2 dark potions (gained 1) Key pressed, stopping explore.
No target in view!
Found a ring mail.
No target in view!
Found a leather armour.
Found a hazy altar of Hepliaklqana.
No target in view!
Found three altars.
No target in view!
No target in view!
There is a hazy altar of Hepliaklqana here.
o - 3 dark potions (gained 1)
There are no items here.
A centaur comes into view.
The centaur shouts!
The centaur wields a +0 shortbow.
The centaur shoots an arrow.
The arrow hits you but does no damage.
You throw a javelin. The javelin barely misses the centaur.
The centaur shoots an arrow.
The arrow hits you!
The centaur shoots an arrow.
The arrow barely misses you.
The centaur drinks a potion.
The centaur seems to speed up.
A centaur is nearby!
The centaur shoots an arrow.
The arrow hits you but does no damage.
The centaur shoots an arrow.
You block the arrow.
A centaur is nearby!
The centaur shoots an arrow.
The arrow hits you!
The centaur shoots an arrow.
You block the arrow.
A centaur is nearby!
You are too injured to fight recklessly!
You are too injured to fight recklessly!
The centaur shoots an arrow.
The arrow hits you!
The centaur shoots an arrow.
The arrow hits you!
* * * LOW HITPOINT WARNING * * *
The centaur shoots an arrow.
The arrow hits you!
You die...

###.#..# ###.## ###.#..#
##...##
#......###.....##
#######.............#
.....#########÷.....#
.#.### #....#.# ...#
#.#.##.# ##.# #.#.##.#
##.# #.#@##.####
...###########.#.##....#
##.#...).)).....c#####.#
.....#########.### #.#
...### #... #.# ####
##### #.# #.# #.# #.#


You could see a centaur (fast).

Vanquished Creatures
  2 ogres (D:5)
  A bullfrog (D:5)
  2 scorpions
  A gnoll bouda (D:5)
  A hound (D:4)
  A sleepcap (D:4)
  5 iguanas
  5 orc wizards (D:5)
  Ijyb (D:3)
  9 gnolls
  5 adders
  An ufetubus (D:5)
  A worm (D:2)
  7 orcs
  8 ball pythons
  3 endoplasms
  2 giant cockroaches
  8 goblins
  8 hobgoblins
  4 jackals (D:5)
  4 kobolds
  3 quokkas
  6 bats
  5 frilled lizards
  3 rats
96 creatures vanquished.

Vanquished Creatures (others)
  4 fungi (D:3)
4 creatures vanquished.

Grand Total: 100 creatures vanquished

Notes
Turn   | Place    | Note
-------+----------+-------------------------------------------
     0 | D:1      | dolemite99 the Gargoyle Fighter began the quest for the
                  | Orb.
     0 | D:1      | Reached XP level 1. HP: 14/14 MP: 1/1
    39 | D:1      | Reached XP level 2. HP: 18/19 MP: 2/2
    77 | D:1      | Reached skill level 3 in Maces & Flails
   276 | D:1      | Reached XP level 3. HP: 23/23 MP: 3/3
   572 | D:2      | Found a faded altar of an unknown god.
   908 | D:2      | Reached skill level 4 in Maces & Flails
   968 | D:2      | Reached XP level 4. HP: 28/28 MP: 4/4
  1480 | D:3      | Noticed Ijyb
  1488 | D:3      | Killed Ijyb
  1489 | D:3      | Reached skill level 5 in Maces & Flails
  1489 | D:3      | Reached XP level 5. HP: 29/32 MP: 5/5
  1502 | D:3      | Noticed Grinder
  1694 | D:4      | Reached skill level 6 in Maces & Flails
  1694 | D:4      | Reached XP level 6. HP: 36/37 MP: 6/6
  2150 | D:4      | Found Cyamp's Jewellery Emporium.
  2249 | D:4      | Reached skill level 7 in Maces & Flails
  2663 | D:5      | Entered Level 5 of the Dungeon
  2684 | D:5      | Reached XP level 7. HP: 41/41 MP: 7/7
  2941 | D:5      | Reached skill level 8 in Maces & Flails
  3415 | D:5      | Reached skill level 9 in Maces & Flails
  3415 | D:5      | Reached XP level 8. HP: 46/46 MP: 8/8
  3619 | D:5      | Found a hazy altar of Hepliaklqana.
  3623 | D:5      | Found a sacrificial altar of Ru.
  3623 | D:5      | Found a shimmering altar of Xom.
  3623 | D:5      | Found an ornate altar of the Wu Jian Council.
  3680 | D:5      | Shot with an arrow by a centaur

Illustrated notes

Levels and vault maps discovered:
D:1:      dpeg_arrival_tiny_a, layout_rooms
D:2:      layout_loops_cross, nicolae_ecumenical_oubliette,
          minmay_splitting_lines, kennysheep_small_spiral, minmay_door_square
D:3:      layout_rooms, dreamdust_mushroom_princess,
          nicolae_nh_oracle_at_delphi, uniq_ijyb, uniq_grinder
D:4:      layout_loops_ring, serial_shops, shop
D:5:      layout_loops_ring, grunt_temple_overflow_open, kennysheep_small_square

Skill      XL: |  1  2  3  4  5  6  7 |
---------------+----------------------+-----
Maces & Flails | 3 4 5 6 7 9 |  9.3
Fighting       | |  3.2
Armour         | |  3.2
Shields        | |  3.2

Action                     |  1- 3 |  4- 6 |  7- 9 || total
---------------------------+-------+-------+-------++-------
  Melee: Flail             |    95 |    36 |       ||   131
         Whip              |       |    97 |   116 ||   213
  Throw: Javelin           |       |    24 |     5 ||    29
  Evoke: Wand              |       |       |     2 ||     2
    Use: Potion            |       |       |     3 ||     3
 Armour: Scale mail        |    47 |    32 |       ||    79
         Chain mail        |       |    24 |    42 ||    66
         Skin              |       |       |    65 ||    65
  Dodge: Dodged            |    37 |    38 |    25 ||   100
  Block: Buckler           |    21 |    20 |    24 ||    65

Table legend: (Time is in decaauts)
 A = Elapsed time spent in this place.
 B = Non-inter-level travel time spent in this place.
 C = Inter-level travel time spent in this place.
 D = Time resting spent in this place.
 E = Time spent auto-exploring this place.
 F = Levels seen in this place.
 G = Mean time per level.
                   A        B        C        D        E       F      G
               +--------+--------+--------+--------+--------+-----+--------+
         Total |   3678 |   3580 |     98 |    858 |   1821 |   5 |  735.6 |
       Dungeon |   3678 |   3580 |     98 |    858 |   1821 |   5 |  735.6 |
               +--------+--------+--------+--------+--------+-----+--------+

Top non-repeatable levels by time:
     D:4: 1074 daAuts
     D:5: 985 daAuts
     D:2: 797 daAuts
     D:1: 559 daAuts
     D:3: 260 daAuts
